 Dungeon Crawl Stone Soup version 0.28-a0-726-g4a9143789a (webtiles) character file.

Game seed: 11890189171778238266

4694 lunkers the Thaumaturge (level 10, -6/78 HPs)
             Began as a Djinni Cinder Acolyte on Oct 27, 2021.
             Was a High Priest of Ignis.
             Mangled by a yak (13 damage)
             ... on level 7 of the Dungeon.
             The game lasted 00:19:24 (12511 turns).

lunkers the Thaumaturge (Djinni Cinder Acolyte)    Turns: 12511, Time: 00:19:24

Health: -6/78      AC:  5    Str: 19    XL:     10   Next: 72%
Gold:   442        EV: 11    Int: 18    God:    Ignis [*****.] SH:  0 Dex: 10

rFire   + + +      SeeInvis .   a - +0 falchion (venom)
rCold   x . .      Faith    .   (no shield)
rNeg    . . .      Spirit   .   b - +1 robe
rPois   ∞          Reflect  .   o - +1 helmet
rElec   .          Harm     .   (no cloak)
rCorr   .          Rampage  .   (no gloves)
Will    ++...                   (boots unavailable)
Stlth   +.........              (no amulet)
HPRegen 0.23/turn               f - ring of willpower
MPRegen 0.00/turn               h - +6 ring of strength

@: about to teleport, flying
A: sickness immunity, fire resistance 2, cold vulnerability 1, float, innate
caster, hp casting, extra vitality 1
a: Renounce Religion, Sea of Fire, Foxfire Swarm, Rising Flame


You were on level 7 of the Dungeon.
You worshipped Ignis.
Ignis was extremely pleased with you.
You visited 1 branch of the dungeon, and saw 8 of its levels.
You also visited: Bailey.

You collected 442 gold pieces.

Inventory:

Hand Weapons
 a - a +0 falchion of venom (weapon)
Missiles
 j - a throwing net
Armour
 b - a +1 robe (worn)
 o - a +1 helmet (worn)
 u - a +2 robe of positive energy
Magical Staves
 n - a staff of poison
Jewellery
 f - a ring of willpower (left hand)
 h - a +6 ring of strength (right hand)
Wands
 r - a wand of iceblast (3)
Scrolls
 d - a scroll of identify
 l - a scroll of magic mapping
 p - a scroll of blinking
 q - a scroll of teleportation
 s - 2 scrolls of brand weapon
Potions
 c - 3 potions of cancellation
 e - 4 potions of brilliance
 g - 4 potions of curing
 i - 2 potions of mutation
 k - 4 potions of haste
 m - a potion of berserk rage
 t - 2 potions of might


   Skills:
 + Level 9.2 Fighting
 - Level 2.6 Long Blades
 * Level 9.9 Spellcasting


You had 16 spell levels left.
You knew the following spells:

 Your Spells              Type           Power      Damage    Failure   Level
a - Static Discharge      Conj/Air       44%        N/A       1%          2
b - Ozocubu's Armour      Ice            44%        N/A       1%          3
c - Iskenderun's Mystic   Conj/Tloc      44%        2d10      1%          4
o - Summon Small Mammal   Summ           100%       N/A       1%          1
p - Scorch                Fire           88%        2d9       1%          2
Your spell library was empty.

Dungeon Overview and Level Annotations

Branches:
Dungeon (8/15)             Temple (0/1) D:7          Bailey (visited)
   Lair: D:8-11

Altars:
Gozag
Sif Muna
Trog
Zin
The Shining One

Shops:
D:7 *(

Annotations:
D:3 1 runed translucent door, oldriver's ghost, amateur DsFE


Innate Abilities, Weirdness & Mutations

You are immune to sickness and miasma.
You are immune to poison.
Your flesh is very heat resistant. (rF++)
You are vulnerable to cold. (rC-)
You float through the air rather than walking.
You learn spells naturally, not from books.
Your magical power is your life essence.
You have superior vitality. (+4 HP)


Message History

HP restored.
You fly downwards.
The yak barely misses you. The yak gores you!
There is a stone staircase leading up here.
The yak gores you! The yak gores you but does no damage.
You fly upwards.
There is a stone staircase leading down here.
The yak barely misses you. The yak gores you!
* * * LOW HITPOINT WARNING * * *
As you read the scroll of teleportation, it crumbles to dust.
You feel strangely unstable. The yak barely misses you.
The yak gores you but does no damage.
Unknown command.
Casting: Scorch (safe; 1% risk of failure)
Press: ? - help, Q - select action, (/) - cycle Dir - look around, f - activate Flames lash the yak.
The yak is moderately wounded.
The yak's fire resistance burns away.
* * * LOW HITPOINT WARNING * * *
The yak gores you.
* * * LOW HITPOINT WARNING * * *
The yak gores you!
* * * LOW HITPOINT WARNING * * *
Unknown command.
Casting: Scorch (safe; 1% risk of failure)
Press: ? - help, Q - select action, (/) - cycle Dir - look around, f - activate Flames lash the yak.
The yak is lightly wounded.
The yak's fire resistance burns away.
* * * LOW HITPOINT WARNING * * *
The yak barely misses you. The yak gores you.
* * * LOW HITPOINT WARNING * * *
Casting: Scorch (safe; 1% risk of failure)
Press: ? - help, Q - select action, (/) - cycle Dir - look around, f - activate Flames lash the yak.
The yak is burned terribly!
The yak is heavily wounded.
* * * LOW HITPOINT WARNING * * *
The yak gores you!
* * * LOW HITPOINT WARNING * * *
The yak gores you!
You die...

##.........................#
##.....<...............####
## ##..............###...#
.# ##............#####..# .#
##..........##......# .#
###........##.∩....# .#
##..###..##....).# ##
##Y####..#####).# #>@#
#...###..## ##Y###........#
## ##....######## .#######
#......# .))....### #......#
....))...# ##.....#
###......#
##......###########
####.....#
##...##............#
...†.....#
##...######.........#


You could see 2 yaks.

Vanquished Creatures
  Grinder (D:5)
  3 slime creatures
  A wraith (D:6)
  A yak (D:7)
  3 water moccasins
  8 orc warriors (Bailey)
  A sky beast (D:5)
  2 ice beasts
  A black bear (D:5)
  2 ogres (D:6)
  A phantom (D:4)
  3 kobold brigands
  2 bullfrogs
  3 scorpions (D:5)
  7 wights
  A howler monkey (D:8)
  A bullfrog zombie (D:6)
  7 jellies
  A bullfrog skeleton (D:4)
  2 hounds
  6 orc priests
  3 centaur skeletons
  3 iguanas
  4 orc wizards
  8 gnolls (D:7)
  A howler monkey skeleton (D:6)
  A howler monkey zombie (D:7)
  9 adders
  3 shadow imps
  A white imp (D:5)
  4 ufetubi
  An adder skeleton (D:4)
  An adder zombie (D:5)
  3 worms
  3 dart slugs
  41 orcs
  8 endoplasms
  2 giant cockroaches (D:3)
  8 goblins
  4 hobgoblins
  3 jackals
  15 kobolds
  4 quokkas
  2 ball pythons
  4 bats (D:2)
  3 frilled lizards
  3 rats
199 creatures vanquished.

Vanquished Creatures (others)
  11 fungi (D:6)
  5 toadstools (D:6)
16 creatures vanquished.

Grand Total: 215 creatures vanquished

Notes
Turn   | Place    | Note
-------+----------+-------------------------------------------
     0 | D:1      | lunkers the Djinni Cinder Acolyte began the quest for the
                  | Orb.
     0 | D:1      | Reached XP level 1. HP: 20/20 MP: 0/0
   512 | D:1      | Reached XP level 2. HP: 22/25 MP: 0/0
   878 | D:1      | HP: 1/25 [endoplasm (1)]
  1268 | D:1      | Found a faded altar of an unknown god.
  1272 | D:1      | Reached XP level 3. HP: 27/30 MP: 0/0
  1272 | D:1      | Learned a level 1 spell: Summon Small Mammal
  2489 | D:2      | Reached XP level 4. HP: 31/36 MP: 0/0
  2803 | D:3      | Reached XP level 5. HP: 28/41 MP: 0/0
  2803 | D:3      | Learned a level 2 spell: Static Discharge
  3351 | D:3      | Found a runed translucent door.
  3356 | D:3      | Noticed oldriver's ghost (amateur DsFE)
  4309 | D:3      | Reached XP level 6. HP: 17/47 MP: 0/0
  5433 | D:4      | Reached XP level 7. HP: 47/53 MP: 0/0
  5433 | D:4      | Learned a level 3 spell: Ozocubu's Armour
  5442 | D:4      | Reached skill level 5 in Fighting
  5442 | D:4      | Reached skill level 5 in Spellcasting
  5813 | D:4      | Found a glowing golden altar of the Shining One.
  5843 | D:5      | Entered Level 5 of the Dungeon
  5843 | D:5      | Noticed a water moccasin
  5846 | D:5      | Killed a water moccasin
  5931 | D:5      | Found a bloodstained altar of Trog.
  5934 | D:5      | Found an opulent altar of Gozag.
  5987 | D:5      | Reached XP level 8. HP: 38/60 MP: 0/0
  6140 | D:5      | Found a glowing silver altar of Zin.
  6214 | D:5      | Noticed Grinder
  6216 | D:5      | Paralysed by Grinder for 6 turns
  6226 | D:5      | Paralysed by Grinder for 2 turns
  6228 | D:5      | Killed Grinder
  7504 | D:6      | Reached XP level 9. HP: 33/67 MP: 0/0
  7504 | D:6      | Learned a level 4 spell: Iskenderun's Mystic Blast
  7699 | D:6      | Noticed a slime creature
  7703 | D:6      | Noticed a slime creature
  7704 | D:6      | Noticed a slime creature
  8066 | D:5      | Killed a slime creature
  8250 | D:5      | Killed a slime creature
  8341 | D:6      | Killed a slime creature
  9471 | D:6      | Reached XP level 10. HP: 15/76 MP: 0/0
  9867 | D:7      | Found a flagged portal.
  9894 | Bailey   | Entered a bailey
 10279 | Bailey   | Noticed an orc knight
 10281 | Bailey   | Noticed an orc knight
 11054 | D:7      | Found a staircase to the Ecumenical Temple.
 11366 | D:7      | Found Utseocra's Weapon Shoppe.
 11561 | D:7      | Found Neq Gofo's General Store.
 12511 | D:7      | Mangled by a yak

Illustrated notes

Levels and vault maps discovered:
D:1:      wheals_arrival_shading, layout_rooms,
          hellmonk_ecumenical_altar_blasted
D:2:      layout_rooms, minmay_tromino_v7
D:3:      layout_basic, ebering_ghost_sewer_d
D:4:      layout_cave_pools, tso_oasis_becter, minmay_distorted
D:5:      layout_gridville, mainiacjoe_overflow_catwalk_spiral,
          mainiacjoe_overflow_six_doors_small, uniq_grinder
D:6:      cheibrodos_fertilizer, layout_basic, lemuel_blue_sif_altar,
          chequers_serial_rivers_micro_a
D:7:      layout_cave_pods, minmay_temple_entry_statues_fountains,
          enter_bailey_2, serial_gnoll_camp, gnoll_camp_mini_loothouse,
          gnoll_camp_mini_hut, gnoll_camp_mini_shop, gnoll_camp_mini_shop,
          kennysheep_nub
D:8:      layout_cave_pods, chequers_serial_rivers_small_b, minivault_23

Skill      XL: |  1  2  3  4  5  6  7  8  9 10 |
---------------+-------------------------------+-----
Spellcasting   | 3 4 5 7 8 9 |  9.9
Fighting       | 4 5 6 8 9 |  9.2
Long Blades    | |  2.6

Action                   |  1- 3 |  4- 6 |  7- 9 | 10-12 || total
-------------------------+-------+-------+-------+-------++-------
Melee: Falchion          |    24 |       |       |     4 ||    28
 Cast: Scorch            |    44 |    73 |   150 |    50 ||   317
       Static Discharge  |       |     1 |       |       ||     1
       Iskenderun's Myst |       |       |     8 |    38 ||    46
Evoke: Wand              |       |       |       |     4 ||     4
  Use: Scroll            |       |     7 |     6 |     7 ||    20
Armor: Robe              |     6 |    10 |    13 |     9 ||    38
Dodge: Dodged            |    36 |    41 |    41 |    25 ||   143

Table legend: (Time is in decaauts)
 A = Elapsed time spent in this place.
 B = Non-inter-level travel time spent in this place.
 C = Inter-level travel time spent in this place.
 D = Time resting spent in this place.
 E = Time spent auto-exploring this place.
 F = Levels seen in this place.
 G = Mean time per level.
                   A        B        C        D        E       F      G
               +--------+--------+--------+--------+--------+-----+--------+
         Total |  12534 |  12300 |    234 |   2184 |   8682 |   9 | 1392.7 |
       Dungeon |  12114 |  11880 |    234 |   2184 |   8342 |   8 | 1514.2 |
        Bailey |    419 |    419 |      0 |      0 |    340 |   1 |  419.0 |
               +--------+--------+--------+--------+--------+-----+--------+

Top non-repeatable levels by time:
     D:7: 2226 daAuts
     D:3: 2037 daAuts
     D:6: 1976 daAuts
     D:5: 1705 daAuts
     D:1: 1435 daAuts
     D:2: 1342 daAuts
     D:4: 1253 daAuts
  Bailey: 419 daAuts
     D:8: 137 daAuts
